 Dungeon Crawl Stone Soup version 0.32-a0-660-g97ce250973 (webtiles) character file.

Game seed: 11962859759113004406

52 Bamboolord the Digger (level 3, -3/28 HPs)
             Began as a Mountain Dwarf Earth Elementalist on Mar 9, 2024.
             Killed from afar by an orc wizard (11 damage)
             ... with a magic dart
             ... on level 3 of the Dungeon.
             The game lasted 00:03:13 (1693 turns).

Bamboolord the Digger (MDEE)                        Turns: 1693, Time: 00:03:14

Health: -3/28      AC:  5    Str: 10    XL:     3   Next: 60%
Magic:  3/6        EV: 11    Int: 20    God:
Gold:   92         SH:  0    Dex: 10    Spells: 2/6 levels left

rFire   . . .        o - +2 dagger of Cowardice {flame, rC+ rN+ Int+3 Stlth+}
rCold   + . .        (no shield)
rNeg    + . .        n - +0 leather armour
rPois   .            (no helmet)
rElec   .            (no cloak)
rCorr   .            m - +1 pair of gloves
SInv    .            (no boots)
Will    .....        (no amulet)
Stlth   ++           (no ring)
HPRegen 0.24/turn    (no ring)
MPRegen 0.10/turn

%: no passive effects
@: no status effects
A: runic magic, artefact enchanting
a: no special abilities


You were on level 3 of the Dungeon.
You visited 1 branch of the dungeon, and saw 3 of its levels.

You collected 92 gold pieces.

Inventory:

Hand Weapons
 o - the +2 dagger of Cowardice (weapon) {flame, rC+ rN+ Int+3 Stlth+}
   (You took it off a goblin on level 2 of the Dungeon)

   Int+3:     It affects your intelligence (+3).
   rC+:       It protects you from cold.
   rN+:       It protects you from negative energy.
   Stlth+:    It makes you more stealthy.
Armour
 m - a +1 pair of gloves (worn)
 n - a +0 leather armour (worn)
Jewellery
 j - a ring of ice
Scrolls
 a - 2 scrolls of immolation {unknown}
 c - 2 scrolls of poison {unknown}
 d - a scroll of summoning {unknown}
 g - a scroll of blinking {unknown}
 h - a scroll of vulnerability
 i - a scroll of silence {unknown}
 l - 5 scrolls of identify {unknown}
Potions
 b - a potion of magic
 e - a potion of enlightenment {unknown}
 f - a potion of curing {unknown}


   Skills:
 * Level 1.3 Fighting
 + Level 0.7 Armour
 - Level 1.3 Dodging
 + Level 1.6 Stealth
 * Level 2.2 Spellcasting
 * Level 1.7 Conjurations
 + Level 3.5 Earth Magic


You had 2 spell levels left.
You knew the following spells:

 Your Spells              Type           Power      Damage    Failure   Level
a - Sandblast             Erth           32%        2d9       3%          1
b - Passwall              Erth           16%        N/A       12%         3

Your spell library contained the following spells:

 Spells                   Type           Power      Damage    Failure   Level
 Slow                     Hex            8%         N/A       17%         1
 Stone Arrow              Conj/Erth      24%        3d8       17%         3
 Confusing Touch          Hex            2%         N/A       45%         3
 Sigil of Binding         Hex            2%         N/A       45%         3
 Vampiric Draining        Necr           2%         2d6       45%         3
 Brom's Barrelling Bould  Conj/Erth      12%        2d4       50%         4
 Petrify                  Alch/Erth      9%         N/A       61%         4


Dungeon Overview and Level Annotations

Branches:
Dungeon (3/15)

Altars:
Dithmenos


Innate Abilities, Weirdness & Mutations

Your spellcasting is much less encumbered by armour.
You can use scrolls of enchantment on lesser artefacts.


Message History

You hit the orc but do no damage.
You feel less confused. The orc closely misses you.
The orc attacks as it pursues you! The orc hits you with a +3 flail!
Aiming: Sandblast (safe; 3% risk of failure)
Press: ? - help, Q - select action Shift-Dir - straight line, f - orc
Aim: an orc, wielding a +3 flail and wearing a +0 chain mail (87% to hit)
The blast of sand hits the orc.
The orc is lightly wounded.
The orc hits you with a +3 flail!
Aiming: Sandblast (safe; 3% risk of failure)
Press: ? - help, Q - select action Shift-Dir - straight line, f/p - orc
Aim: an orc, wielding a +3 flail and wearing a +0 chain mail (lightly wounded, 87% to hit)
The blast of sand hits the orc but does no damage.
The orc is lightly wounded.
The orc hits you with a +3 flail.
* * * LOW HITPOINT WARNING * * *
The orc hits you with a +3 flail.
* * * LOW HITPOINT WARNING * * *
Aiming: Sandblast (safe; 3% risk of failure)
Press: ? - help, Q - select action Shift-Dir - straight line, f/p - orc
Aim: an orc, wielding a +3 flail and wearing a +0 chain mail (lightly wounded, 87% to hit)
The blast of sand hits the orc but does no damage.
The orc is lightly wounded.
The orc hits you but does no damage.
Aiming: Sandblast (safe; 3% risk of failure)
Press: ? - help, Q - select action Shift-Dir - straight line, f/p - orc
Aim: an orc, wielding a +3 flail and wearing a +0 chain mail (lightly wounded, 87% to hit)
The blast of sand hits the orc!
You kill the orc!
The ball python closely misses you. The ball python barely misses you.
The ball python completely misses you. The ball python closely misses you.
The ball python attacks as it pursues you!
The ball python closely misses you. x2
You see here a +1 pair of gloves.
The ball python closely misses you. x2
The ball python barely misses you. The ball python misses you.
The orc wizard gestures at you while chanting.
The magic dart hits you!
You die...

#........#.##.#####.#
#....†..##.### #.# #
##.##........###.###...#
#.##.....##...o.......# #
##.####>..###.o...#....#
..######..# ##)..........#...#
.......#.## #....o..........#
.........# ####...............#
........####.<..@S..>.........#
........#....#####............#
##........#### #............#
#.....#### ##.......#.. #.....#
......... #.....# .........
####### ....... .....


You could see an orc wizard, 2 orcs and a ball python.

Vanquished Creatures
  2 dart slugs (D:2)
  A ribbon worm (D:3)
  An orc (D:3)
  5 bats (D:2)
  3 endoplasms
  2 giant cockroaches
  6 goblins
  2 hobgoblins (D:2)
  2 quokkas (D:2)
  6 ball pythons
  3 frilled lizards
  4 kobolds
  4 rats
41 creatures vanquished.

Notes
Turn   | Place    | Note
-------+----------+-------------------------------------------
     0 | D:1      | Bamboolord the Mountain Dwarf Earth Elementalist began the
                  | quest for the Orb.
     0 | D:1      | Reached XP level 1. HP: 14/14 MP: 3/3
   258 | D:1      | Reached skill level 1 in Conjurations
   350 | D:1      | Reached XP level 2. HP: 22/22 MP: 1/4
   792 | D:2      | Reached skill level 1 in Fighting
   964 | D:2      | Found a shadowy altar of Dithmenos.
   990 | D:2      | Reached XP level 3. HP: 28/28 MP: 4/6
   994 | D:2      | Learned a level 3 spell: Passwall
  1041 | D:2      | Identified the +2 dagger of Cowardice {flame, rC+ rN+ Int+3
                  | Stlth+}
  1693 | D:3      | Killed from afar by an orc wizard

Illustrated notes

Levels and vault maps discovered:
D:1:      beargit_arrival_greenhouse, layout_basic
D:2:      layout_loops_cross, basic_altar
D:3:      layout_rooms, kennysheep_slug_shrine, minivault_19, uniq_ijyb

Skill      XL: |  1  2 |
---------------+-------+-----
Conjurations   | 1 |  1.7
Spellcasting   | 2 |  2.2
Fighting       | 1 |  1.3
Armour         | |  0.7
Dodging        | |  1.3
Stealth        | |  1.6
Earth Magic    | |  3.5

Action                     || total
---------------------------++-------
  Melee: Unarmed           ||    17
         Dagger            ||     3
   Cast: Sandblast         ||    58
    Use: Scroll            ||     1
 Armour: Robe              ||    13
         Leather armour    ||    23
  Dodge: Dodged            ||    35

Table legend: (Time is in decaauts)
 A = Elapsed time spent in this place.
 B = Non-inter-level travel time spent in this place.
 C = Inter-level travel time spent in this place.
 D = Time resting spent in this place.
 E = Time spent auto-exploring this place.
 F = Levels seen in this place.
 G = Mean time per level.
                   A        B        C        D        E       F      G
               +--------+--------+--------+--------+--------+-----+--------+
         Total |   1720 |   1645 |     75 |     37 |   1317 |   3 |  573.3 |
       Dungeon |   1720 |   1645 |     75 |     37 |   1317 |   3 |  573.3 |
               +--------+--------+--------+--------+--------+-----+--------+

Top non-repeatable levels by time:
     D:2: 974 daAuts
     D:1: 616 daAuts
     D:3: 129 daAuts
